 Dungeon Crawl Stone Soup version 0.31-a0-188-g5e087ee2ca (webtiles) character file.

Game seed: 2919540145601497983

15 qw the Shooter (level 2, 0/16 HPs)
             Began as a Deep Elf Hunter on June 23, 2023.
             Succumbed to their own poison gas
             ... on level 1 of the Dungeon.
             The game lasted 00:00:13 (693 turns).

qw the Shooter (Deep Elf Hunter)                     Turns: 693, Time: 00:00:13

Health: 0/16       AC:  5    Str:  8    XL:     2   Next: 34%
Magic:  4/4        EV: 10    Int: 13    God:
Gold:   25         SH:  0    Dex: 18    Spells: 1/1 levels left

rFire   . . .        Y - +1 shortbow
rCold   . . .        (shield currently unavailable)
rNeg    . . .        k - +0 ring mail
rPois   .            (no helmet)
rElec   .            (no cloak)
rCorr   .            (no gloves)
SInv    .            (no boots)
Will    .....        (no amulet)
Stlth   +            (no ring)
HPRegen 0.22/turn    (no ring)
MPRegen 0.09/turn

%: no passive effects
@: lethally poisoned (0 -> -13)
A: no striking features
a: no special abilities


You were on level 1 of the Dungeon.
You visited 1 branch of the dungeon, and saw 1 of its levels.

You collected 25 gold pieces.


   Skills:
 - Level 1.5 Fighting
 + Level 6.2 Ranged Weapons
 - Level 2.4 Dodging
 - Level 1.2 Stealth


You had one spell level left.
You didn't know any spells.
Your spell library was empty.

Inventory:

Hand Weapons
 Y - a +1 shortbow (weapon)
Armour
 k - a +0 ring mail (worn)
Potions
 d - a potion of haste {unknown}
 h - a potion of might {unknown}
 i - a potion of ambrosia {unknown}
 l - a potion of curing

Dungeon Overview and Level Annotations

Branches:
Dungeon (1/15)

Altars:


Message History

Enter note: Done exploring.
687 ||| READING scroll labelled YLUAMP PEIDA.
The air fills with toxic fumes!
As you read the scroll labelled YLUAMP PEIDA, it crumbles to dust.
It was a scroll of poison.
Done exploring.
688 ||| READING scroll labelled UCKIAP TOM WAEWKOR.
As you read the scroll labelled UCKIAP TOM WAEWKOR, it crumbles to dust.
It is a scroll of identify.
Really abort (and waste the scroll)?
Done exploring.
689 ||| DRINKING 2 coppery potions.
It was a potion of curing.
You feel better.
Done exploring.
690 ||| DROPPING 3 scrolls of blinking.
You drop 3 scrolls of blinking.
Done exploring.
691 ||| DROPPING scroll of butterflies.
You drop a scroll of butterflies.
Done exploring.
(D) Dungeon
Where to? (* - list waypoints, ? - help)
What level of the Dungeon? (default 1, ? - help) Sorry, I don't know how to get there.
Enter note:
Enter note:
Enter note:
Enter note:
Enter note:
Enter note:
Enter note:
Enter note:
Enter note:
Enter note:
Enter note:
Enter note: Really walk into that cloud of poison gas?
You are engulfed in poison gas.
You are lethally poisoned!
Ouch! That really hurt!
You feel very sick.
693 ||| Stepping ~*~*~tactically~*~*~ (cloud).
You die...

#...).##...##..#### #.......
####..#.......########## #######.
.# #.......[.########### #.. .#
##.##.#...########### ##.. .#
#....>...#################(..
.#####....#####0............##.##
...###.##.#####¤###########.##...
##.#....#.###.00¤¤¤.......#.##...
##.#.####.###.#¤@########.#....##
##...# #.###.#¤¤¤¤¤¤¤¤.#.####...
##### #.###¤¤¤¤#####¤...# #...
#..¤¤¤¤0#########.# #...
#######¤#########.# #...
################.# #...
################.####.##
################.%.##...
###......


There were no monsters in sight!

Vanquished Creatures
  A dart slug (D:1)
  3 endoplasms (D:1)
  A goblin (D:1)
  A hobgoblin (D:1)
  3 quokkas (D:1)
  A ball python (D:1)
  A frilled lizard (D:1)
11 creatures vanquished.

Notes
Turn   | Place    | Note
-------+----------+-------------------------------------------
     0 | D:1      | qw the Deep Elf Hunter began the quest for the Orb.
     0 | D:1      | Reached XP level 1. HP: 12/12 MP: 3/3
     0 | D:1      | 0 ||| qw: Version: 0.3-a-9-g12657ce
     0 | D:1      | 0 ||| qw: Game counter: 3226
     0 | D:1      | 0 ||| qw: Always use a shield: true
     0 | D:1      | 0 ||| qw: God list: Okawaru
     0 | D:1      | 0 ||| qw: Allow faded altars: false
     0 | D:1      | 0 ||| qw: Do Orc after D:15 true
     0 | D:1      | 0 ||| qw: Do second Lair branch before Depths: true
     0 | D:1      | 0 ||| qw: Lair rune preference: random
     0 | D:1      | 0 ||| qw: Plans: Normal
     0 | D:1      | 0 ||| PLANNING D:1-11
   165 | D:1      | Reached XP level 2. HP: 16/16 MP: 4/4
   212 | D:1      | Reached skill level 6 in Ranged Weapons
   264 | D:1      | Found a faded altar of an unknown god.
   673 | D:1      | 673 ||| UPGRADING to +0 ring mail.
   683 | D:1      | 683 ||| DROPPING +0 leather armour.
   684 | D:1      | 684 ||| READING 4 scrolls labelled HEEDUZU MUCE.
   685 | D:1      | 685 ||| READING scroll labelled FIDDEX ITZYAGG.
   686 | D:1      | 686 ||| READING scroll labelled DIQIT VOGOUZ.
   687 | D:1      | 687 ||| READING scroll labelled YLUAMP PEIDA.
   688 | D:1      | 688 ||| READING scroll labelled UCKIAP TOM WAEWKOR.
   689 | D:1      | 689 ||| DRINKING 2 coppery potions.
   690 | D:1      | 690 ||| DROPPING 3 scrolls of blinking.
   691 | D:1      | 691 ||| DROPPING scroll of butterflies.
   692 | D:1      | HP: 3/16 [poisoned by you (poison gas)]
   693 | D:1      | 693 ||| Stepping ~*~*~tactically~*~*~ (cloud).
   693 | D:1      | Succumbed to their own poison gas

Levels and vault maps discovered:
D:1:      lightli_arrival_statuegarden, layout_basic,
          hellmonk_ecumenical_altar_lost_god, minmay_unequal

Skill      XL: |  1  2 |
---------------+-------+-----
Ranged Weapons | 6 |  6.2
Fighting       | |  1.5
Dodging        | |  2.4
Stealth        | |  1.2

Action                     || total
---------------------------++-------
   Fire: Shortbow          ||    26
    Use: Scroll            ||     5
         Potion            ||     1
 Armour: Leather armour    ||     3
  Dodge: Dodged            ||     3

Table legend:
 A = Non-vault XP
 B = Vault XP
 C = Vault XP percentage of total XP
 D = Non-vault monster count
 E = Vault monster count
 F = Vault count percentage of total count
                 A         B        C        D         E       F
            +---------+---------+-------+---------+---------+-------
      Total |      19 |       3 |  13.6 |       9 |       2 |  18.2
            +---------+---------+-------+---------+---------+-------
        D:1 |      19 |       3 |  13.6 |       9 |       2 |  18.2
            +---------+---------+-------+---------+---------+-------
